 Seeded DCSS version 0.30.1-4-g462c640d31 (webtiles) character file.

Game seed: 1488530604685760082 (custom seed)

6014 kingsuperguy the Severer (level 10, -15/90 HPs)
             Began as a Hill Orc Monk on Sept 10, 2023.
             Was an Elder of Beogh.
             Demolished by a death yak (23 damage)
             ... on level 1 of the Lair of Beasts.
             The game lasted 00:10:56 (6729 turns).

kingsuperguy the Severer (Hill Orc Monk)            Turns: 6729, Time: 00:10:57

Health: -15/90     AC: 15    Str: 21 (22) XL:     10   Next: 86%
Magic:  10/10      EV:  7    Int:  8 (10) God:    Beogh [****..]
Gold:   409        SH:  0    Dex: 10 (13) Spells: 9/9 levels left

rFire   . . .        a - +11 broad axe "Hill Orc's Regret" {spect, Str+3}
rCold   . . .        d - orb {light}
rNeg    . . .        t - +0 plate armour
rPois   .            (no helmet)
rElec   .            n - +0 cloak
rCorr   .            (no gloves)
SInv    .            g - +0 pair of boots
Will    .....        (no amulet) Stlth
                     (no ring)
HPRegen 0.35/turn    (no ring)
MPRegen 0.12/turn

%: no passive effects
@: confused, ambrosia-drunk, glowing
A: no striking features
a: Renounce Religion, Smiting, Recall Orcish Followers


You were on level 1 of the Lair of Beasts.
You worshipped Beogh.
Beogh was greatly pleased with you.
You visited 2 branches of the dungeon, and saw 9 of its levels.
You also visited: Ossuary.

You collected 409 gold pieces.

Inventory:

Hand Weapons
 a - the +11 broad axe "Hill Orc's Regret" (weapon) {spect, Str+3}
   (You found it on level 3 of the Dungeon)

   Str:       It affects your strength (+3).
 D - a +2 dire flail of holy wrath
 I - a +2 whip of pain
 M - a +3 halberd
Armour
 d - an orb of light (worn)
 g - a +0 pair of boots (worn)
 n - a +0 cloak (worn)
 t - a +0 plate armour (worn)
Jewellery
 v - a ring of ice
 G - a +6 ring of intelligence
 J - a ring of see invisible
Wands
 m - a wand of flame (40)
 C - a wand of paralysis (3)
 F - a wand of acid (4)
Scrolls
 b - 3 scrolls of immolation
 e - 4 scrolls of teleportation {unknown}
 f - 2 scrolls of brand weapon {unknown}
 i - a scroll of summoning
 k - 2 scrolls of fog {unknown}
 o - a scroll of enchant armour {unknown}
 p - a scroll of blinking {unknown}
 q - a scroll of fear {unknown}
 s - 2 scrolls of amnesia {unknown}
 w - a scroll of enchant weapon {unknown}
 y - 2 scrolls of noise {unknown}
 E - 2 scrolls of vulnerability {unknown}
 K - a scroll of torment {unknown}
 N - 2 scrolls of identify
Potions
 c - 2 potions of ambrosia
 h - 4 potions of attraction
 j - a potion of resistance {unknown}
 l - 10 potions of curing
 r - a potion of degeneration
 u - 4 potions of haste {unknown}
 x - a potion of cancellation
 z - a potion of brilliance {unknown}
 A - a potion of mutation {unknown}
 B - a potion of heal wounds
 H - a potion of invisibility {unknown}
 L - a potion of flight {unknown}


   Skills:
 + Level 8.8 Fighting
 + Level 16.3 Axes
 + Level 6.9 Armour
 + Level 3.2 Dodging
 + Level 1.7 Stealth
 + Level 0.3 Invocations


You had 9 spell levels left.
You didn't know any spells.
Your spell library contained the following spells:

 Spells                   Type           Power      Damage    Failure   Level
 Apportation              Tloc           0%         N/A       100%        1
 Kiss of Death            Conj/Necr      0%         2d5       100%        1
 Necrotise                Necr           0%         1d4       100%        1
 Sandblast                Erth           0%         2d4       100%        1
 Summon Small Mammal      Summ           0%         N/A       100%        1
 Passwall                 Tmut/Erth      0%         N/A       100%        2
 Searing Ray              Conj           0%         2d4       100%        2
 Static Discharge         Conj/Air       0%         2-2/arc   100%        2
 Hailstorm                Conj/Ice       0%         3d3       100%        3
 Stone Arrow              Conj/Erth      0%         3d7       100%        3
 Swiftness                Air            0%         N/A       100%        3
 Airstrike                Air            0%         2d(0-16)  100%        4
 Summon Ice Beast         Ice/Summ       0%         N/A       100%        4
 Summon Lightning Spire   Summ/Air       0%         N/A       100%        4
 Summon Mana Viper        Hex/Summ       0%         N/A       100%        5
 Monstrous Menagerie      Summ           0%         N/A       100%        7


Dungeon Overview and Level Annotations

Branches:
Dungeon (9/15)               Lair (1/5) D:9         Ossuary (visited)
 Temple: D:4-7          Orc: D:9-12

Altars:
Gozag
Trog
Uskayaw

Shops:
D:1 (


Message History

The bullfrog hits your orc warrior. The wolf bites you!
The wolf closely misses you.
Your orc priest hits the death yak but does no damage.
Your orc warrior hits the death yak with a +0 dagger!
Your Axes skill increases to level 16!
You hit the death yak.
The death yak is heavily wounded.
You slice the wolf!! You hit the wolf.
Your +11 broad axe "Hill Orc's Regret" {spect, Str+3} hits the death yak!!
Your +11 broad axe "Hill Orc's Regret" {spect, Str+3} hits the wolf.
You kill the wolf!
Beogh accepts your kill. The death yak gores your orc warrior!
The death yak gores you!!
* * * LOW HITPOINT WARNING * * *
The wolf bites you but does no damage.
The bullfrog hits you but does no damage.
You are confused.
You feel invigorated.
Your +11 broad axe "Hill Orc's Regret" {spect, Str+3} disappears.
The wolf barely misses you.
Your orc priest hits the death yak but does no damage.
Your orc warrior hits the death yak with a +0 dagger!
The death yak closely misses your orc warrior.
The death yak barely misses you.
It was a potion of degeneration.
There was something very wrong with that liquid.
You feel weakened.
You feel dopey.
You feel clumsy.
The bullfrog barely misses your orc warrior.
Your orc warrior completely misses the death yak.
Your orc priest barely misses the death yak.
The death yak gores your orc warrior!! The death yak gores you.
* * * LOW HITPOINT WARNING * * *
The bullfrog hits your orc warrior.
Your orc warrior dies!
It was a potion of heal wounds.
You feel much better.
Your orc priest hits the death yak from afar with a +2 trident of protection.
The death yak gores you! The death yak gores you!!
* * * LOW HITPOINT WARNING * * *
The death yak gores you!!
You die...

#...#......
#...#......
#..)#......
#...#......
#..........
#...##+#.#+
#...o......
##.†)YF.....
#P..@Y......
##.lYY......
#..h.......
#.#.##..#.#
..#.. .....
#..#.. ..)#
#...... ..#
## .... ...


You could see 4 death yaks, a komodo dragon, a wolf, a bullfrog and a friendly
orc priest.

Vanquished Creatures
  2 death yaks (Lair:1)
  Pikel (D:4)
  A black mamba (Lair:1)
  A cane toad (Lair:1)
  Sigmund (D:6)
  Edmund (D:6)
  Menkaure (D:6)
  A water moccasin (D:6)
  4 orc warriors
  A sky beast (D:7)
  A black bear (D:6)
  3 ice beasts (D:6)
  A centaur (D:9)
  2 wolves (Lair:1)
  A lemure (D:4)
  A phantom (D:7)
  2 kobold brigands
  2 bullfrogs
  2 wyvern zombies (Ossuary)
  2 scorpions
  2 water moccasin zombies (Ossuary)
  4 wights (D:8)
  5 killer bees (D:9)
  3 howler monkeys (D:9)
  5 bullfrog zombies (Ossuary)
  5 centaur zombies (Ossuary)
  2 gnoll boudas (D:9)
  2 orc priests (D:8)
  A hound (D:6)
  3 orc wizards (D:8)
  3 iguanas
  21 mummies (Ossuary)
  10 gnolls
  6 adders
  A white imp (D:6)
  An ufetubus (D:7)
  A worm (D:2)
  A dart slug (D:2)
  11 orcs
  8 endoplasms
  3 giant cockroaches
  3 goblins
  10 hobgoblins
  15 kobolds
  A quokka (D:1)
  7 ball pythons
  6 bats
  2 frilled lizards (D:3)
  5 rats
178 creatures vanquished.

Vanquished Creatures (collateral kills)
  A centaur (D:9)
  A howler monkey (D:9)
  An orc priest (D:8)
  An orc (D:8)
  2 kobolds
6 creatures vanquished.

Vanquished Creatures (others)
  2 orc warriors (Lair:1)
  An orc priest (D:9)
  2 orc wizards
  11 orcs
  An endoplasm (D:3)
  2 spectral weapons (Lair:1)
19 creatures vanquished.

Grand Total: 203 creatures vanquished

Notes
Turn   | Place    | Note
-------+----------+-------------------------------------------
     0 | D:1      | kingsuperguy the Hill Orc Monk began the quest for the Orb.
     0 | D:1      | Reached XP level 1. HP: 19/19 MP: 1/1
   135 | D:1      | Reached XP level 2. HP: 27/27 MP: 2/2
   519 | D:1      | Found Dyac's Weapon Shop.
   723 | D:1      | Found a faded altar of an unknown god.
   767 | D:2      | Reached XP level 3. HP: 12/33 MP: 3/3
   965 | D:1      | Reached skill level 5 in Axes
  1419 | D:2      | Reached XP level 4. HP: 41/41 MP: 4/4
  1837 | D:3      | Found an opulent altar of Gozag.
  2156 | D:3      | Found a large runed translucent door.
  2157 | D:3      | Found a large runed translucent door.
  2248 | D:3      | Became a worshipper of Beogh the Brigand
  2248 | D:3      | Reached * piety under Beogh
  2248 | D:3      | Reached ** piety under Beogh
  2313 | D:3      | Identified the +11 broad axe "Hill Orc's Regret" {spect,
                  | Str+3}
  2651 | D:3      | Found a bloodstained altar of Trog.
  2664 | D:3      | Found a hide-covered altar of Uskayaw.
  2727 | D:4      | Noticed a lemure
  2727 | D:4      | Noticed a lemure
  2727 | D:4      | Noticed a lemure
  2727 | D:4      | Noticed a lemure
  2728 | D:4      | Noticed Pikel
  2742 | D:4      | Found a sand-covered staircase.
  2746 | Ossuary  | Entered an ossuary
  2778 | Ossuary  | Reached skill level 6 in Axes
  2778 | Ossuary  | Reached XP level 5. HP: 33/47 MP: 5/5
  2889 | Ossuary  | Reached skill level 7 in Axes
  2889 | Ossuary  | Reached skill level 1 in Armour
  2889 | Ossuary  | Reached XP level 6. HP: 41/55 MP: 6/6
  2908 | Ossuary  | Reached skill level 5 in Fighting
  2920 | Ossuary  | Reached skill level 8 in Axes
  2924 | Ossuary  | Reached XP level 7. HP: 38/61 MP: 7/7
  2954 | Ossuary  | Reached skill level 9 in Axes
  3110 | Ossuary  | Reached skill level 10 in Axes
  3120 | Ossuary  | Reached XP level 8. HP: 56/70 MP: 8/8
  3338 | D:4      | Killed Pikel
  3339 | D:4      | Reached skill level 11 in Axes
  3407 | D:4      | Reached *** piety under Beogh
  3418 | D:4      | You fall into a shaft and drop 2 floors!
  3432 | D:6      | Got Fear's Lectures on Overhead Outbursts
  3461 | D:6      | Reached skill level 12 in Axes
  3541 | D:6      | Noticed Menkaure
  3543 | D:6      | Killed Menkaure
  3544 | D:6      | Reached XP level 9. HP: 78/78 MP: 9/9
  3761 | D:6      | Noticed Sigmund
  3767 | D:6      | Killed Sigmund
  3768 | D:6      | Reached skill level 13 in Axes
  3768 | D:6      | Reached skill level 1 in Stealth
  4067 | D:6      | Noticed Edmund
  4073 | D:6      | Killed Edmund
  4890 | D:7      | Reached skill level 14 in Axes
  5309 | D:8      | Reached skill level 5 in Armour
  5688 | D:8      | Reached XP level 10. HP: 88/88 MP: 10/10
  6148 | D:9      | Reached **** piety under Beogh
  6149 | D:9      | Reached skill level 15 in Axes
  6277 | D:9      | Found a staircase to the Lair.
  6621 | Lair:1   | Entered Level 1 of the Lair of Beasts
  6625 | Lair:1   | Noticed a black mamba
  6633 | Lair:1   | Killed a black mamba
  6712 | Lair:1   | Noticed a cane toad
  6712 | Lair:1   | Noticed a death yak
  6713 | Lair:1   | Noticed a death yak
  6713 | Lair:1   | Noticed a death yak
  6714 | Lair:1   | Noticed a death yak
  6715 | Lair:1   | Killed a cane toad
  6715 | Lair:1   | Noticed a death yak
  6716 | Lair:1   | Noticed a death yak
  6724 | Lair:1   | Killed a death yak
  6725 | Lair:1   | Killed a death yak
  6726 | Lair:1   | Reached skill level 16 in Axes
  6729 | Lair:1   | Demolished by a death yak

Illustrated notes

Levels and vault maps discovered:
D:1:      nzn_arrival_settlement, layout_loops_ring, serial_shops, shop,
          hellmonk_ecumenical_altar_arch_garden, minmay_tetromino_t4
D:2:      layout_basic
D:3:      layout_loops_corners, old_standard_altar, jmf_multi_god_temple2,
          st_stairs_9
D:4:      layout_basic, serial_shops, nicolae_square_shop, enter_ossuary_5,
          skrybe_limestone_x, uniq_pikel
D:6:      layout_basic, uniq_sigmund, uniq_menkaure, uniq_edmund
D:7:      layout_basic
D:8:      layout_layer_cave, nicolae_ru_sacrificial_ziggurat,
          nicolae_grassy_gnolls
D:9:      layout_rooms, elyvilon_altar_3, dpeg_oklobed_lair,
          hangedman_decor_diamond_cutter
Lair:1:   layout_regular_city, enter_volcano_4, uniq_grum

Skill      XL: |  1  2  3  4  5  6  7  8  9 10 |
---------------+-------------------------------+-----
Fighting       | 4 5 6 7 8 |  8.8
Axes           | 5 6 7 8 10 12 14 16 | 16.3
Dodging        | 3 |  3.2
Armour         | 1 2 3 5 6 |  6.9
Stealth        | 1 |  1.7
Invocations    | |  0.3

Action                     |  1- 3 |  4- 6 |  7- 9 | 10-12 || total
---------------------------+-------+-------+-------+-------++-------
  Melee: Hand axe          |    73 |    74 |       |       ||   147
         Broad axe         |       |    23 |    95 |    44 ||   162
 Invoke: Convert to Beogh  |       |     1 |       |       ||     1
         Recall Orcish Fol |       |       |       |     1 ||     1
    Use: Scroll            |       |       |     6 |       ||     6
         Potion            |       |       |       |     3 ||     3
   Stab: Distracted        |       |       |     1 |       ||     1
 Armour: Robe              |    19 |    11 |       |       ||    30
         Plate armour      |       |    39 |    41 |    27 ||   107
  Dodge: Dodged            |    57 |    33 |    21 |    14 ||   125
